 Dungeon Crawl Stone Soup version 0.29-a0-214-g17f627cfee (webtiles) character file.

Game seed: 8207531599093926899

78548 drugrobin the Fencer (level 14, -1/124 HPs)
             Began as a Demigod Fighter on Feb 25, 2022.
             Slain by a broodmother (31 damage)
             ... on level 3 of the Lair of Beasts.
             The game lasted 01:50:43 (30324 turns).

drugrobin the Fencer (Demigod Fighter)             Turns: 30324, Time: 01:50:43

Health: -1/124     AC: 16    Str: 21    XL:     14   Next: 77%
Magic:  25/25      EV: 21    Int: 17    God:
Gold:   2097       SH: 11    Dex: 21    Spells: 20/23 levels left

rFire   . . .      SeeInvis .   a - +2 Maxwell's thermic engine {flame, freeze}
rCold   . . .      Faith    .   N - +0 kite shield
rNeg    . . .      Spirit   .   Z - +0 troll leather armour
rPois   .          Reflect  .   Q - +0 helmet {Int+3}
rElec   .          Harm     .   y - +1 cloak
rCorr   +          Rampage  .   E - +2 pair of gloves
Will    +....                   X - +2 pair of boots
Stlth   ++........              (no amulet)
HPRegen 1.10/turn               n - +4 ring of evasion
MPRegen 0.19/turn               h - ring of resist corrosion

@: no status effects
A: high MP 1, forlorn, divine attributes
a: no special abilities


You were on level 3 of the Lair of Beasts.
You visited 4 branches of the dungeon, and saw 24 of its levels.
You also visited: Bailey.

You collected 2654 gold pieces.
You spent 557 gold pieces at shops.

Inventory:

Hand Weapons
 a - the +2 Maxwell's thermic engine (weapon) {flame, freeze}
   (You found it on level 3 of the Lair of Beasts)

   It burns those it strikes, dealing additional fire damage.
   Big, fiery blades are also staple armaments of hydra-hunters.
   It freezes those it strikes, dealing additional cold damage.
   It can also slow down cold-blooded creatures.
   It becomes more effective when it hits something.
   This effect fades over time.
 b - a +0 hand crossbow
 c - a +2 dagger of venom
 d - the +10 falchion of Xonkoah {drain, Fly rPois rN++}
   (You took it off a gnoll in a bailey)

   A truly terrible weapon, it drains the life of any living foe it strikes.
   rPois:     It protects you from poison.
   rN:        It greatly protects you from negative energy.
   Fly:       It grants you flight.
Missiles
 r - 2 throwing nets
 D - 39 boomerangs (quivered)
 G - 11 poisoned darts
 O - 3 curare-tipped darts
Armour
 y - a +1 cloak (worn)
 E - a +2 pair of gloves (worn)
 N - a +0 kite shield (worn)
 Q - a +0 helmet of intelligence (worn)
 X - a +2 pair of boots (worn)
 Z - a +0 troll leather armour (worn)
Jewellery
 h - a ring of resist corrosion (right hand)
 k - a ring of willpower
 n - a +4 ring of evasion (left hand)
 o - a ring of see invisible
Wands
 j - a wand of digging (6)
 l - a wand of polymorph (4)
 p - a wand of iceblast (6)
 B - a wand of acid (9)
 S - a wand of charming (3)
Scrolls
 m - 8 scrolls of teleportation
 s - 2 scrolls of torment {unknown}
 t - 2 scrolls of fear
 u - a scroll of brand weapon {unknown}
 x - a scroll of silence {unknown}
 z - a scroll of noise {unknown}
 C - a scroll of acquirement {unknown}
 H - 7 scrolls of blinking
 U - 3 scrolls of magic mapping {unknown}
 Y - a scroll of fog {unknown}
Potions
 e - a potion of haste
 q - 7 potions of curing
 v - a potion of berserk rage
 A - 3 potions of lignification
 F - 2 potions of cancellation
 J - a potion of might
 K - 9 potions of heal wounds
 M - 2 potions of ambrosia
 V - a potion of invisibility
Miscellaneous
 i - a phantom mirror (inert)
 w - a lightning rod (4/4)


   Skills:
 - Level 11.5 Fighting
 - Level 16.0 Long Blades
 + Level 10.0 Armour
 + Level 9.1 Dodging
 - Level 2.0 Stealth
 + Level 6.7 Shields
 - Level 5.0 Spellcasting
 - Level 5.0 Evocations


You had 20 spell levels left.
You knew the following spells:

 Your Spells              Type           Power      Damage    Failure   Level
a - Mephitic Cloud        Conj/Pois/Air  4%         N/A       77%         3

Your spell library contained the following spells:

 Spells                   Type           Power      Damage    Failure   Level
 Magic Dart               Conj           16%        1d3       38%         1
 Pain                     Necr           16%        1d4       38%         1
 Sandblast                Erth           8%         2d5       38%         1
 Slow                     Hex            16%        N/A       38%         1
 Summon Small Mammal      Summ           16%        N/A       38%         1
 Call Imp                 Summ           4%         N/A       54%         2
 Ensorcelled Hibernation  Hex/Ice        8%         N/A       54%         2
 Passwall                 Tmut/Erth      3%         N/A       54%         2
 Call Canine Familiar     Summ           4%         N/A       77%         3
 Confusing Touch          Hex            4%         N/A       77%         3
 Inner Flame              Hex/Fire       4%         N/A       77%         3
 Spider Form              Tmut/Pois      4%         N/A       77%         3
 Stone Arrow              Conj/Erth      8%         3d7       77%         3
 Summon Guardian Golem    Hex/Summ       4%         N/A       77%         3
 Tukima's Dance           Hex            4%         N/A       77%         3
 Vampiric Draining        Necr           4%         2d6       77%         3
 Anguish                  Hex/Necr       2%         N/A       99%         4
 Animate Armour           Summ/Erth      8%         N/A       99%         4
 Cause Fear               Hex            2%         N/A       99%         4
 Olgreb's Toxic Radiance  Pois           4%         N/A       99%         4
 Agony                    Necr           4%         N/A       100%        5
 Blade Hands              Tmut           2%         N/A       100%        5
 Excruciating Wounds      Necr           2%         N/A       100%        5
 Conjure Ball Lightning   Conj/Air       2%         3x3d6     100%        6
 Iron Shot                Conj/Erth      2%         9d2       100%        6
 Enfeeble                 Hex            2%         N/A       100%        7
 Ozocubu's Refrigeration  Ice            2%         4d5       100%        7
 Discord                  Hex            2%         N/A       100%        8
 Disjunction              Tloc           2%         N/A       100%        8
 Ignition                 Fire           2%         3d3       100%        8
 Lehudib's Crystal Spear  Conj/Erth      2%         10d2      100%        8


Dungeon Overview and Level Annotations

Branches:
Dungeon (15/15)            Temple (0/1) D:5            Lair (6/6) D:9
 Shoals (0/4) Lair:2       Spider (1/4) Lair:3        Slime (0/5) Lair:6
    Orc (2/2) D:9             Elf (0/3) Orc:2        Vaults (0/5) D:13
 Depths (0/4) D:15         Bailey (visited)

Shops:
D:3 *   D:12 [   D:13 [   D:15 :   Orc:2 *([:

Annotations:
Lair:2 exclusion: upstairs


Innate Abilities, Weirdness & Mutations

You have an increased reservoir of magic. (+10% MP)
You shall have no god before yourself.
Your divine heritage dramatically boosts your attributes as you level up.


Message History

The jumping spider leaps! x4
Unknown command.
Unknown command.
Unknown command.
Unknown command.
You feel better.
The jumping spider leaps! x2
Aiming: Mindburst
Press: ? - help, Shift-Dir - straight line, f/p - broodmother
Aim: a broodmother (severely wounded, fleeing, chance to affect: 50%)
Your attack snaps the broodmother out of its fear.
The broodmother resists with some effort.
Cornered, the redback turns to fight!
Unknown command.
Unknown command.
Aiming: Mindburst
Press: ? - help, Shift-Dir - straight line, f/p - broodmother
Aim: a broodmother (severely wounded, fleeing, chance to affect: 50%)
The broodmother resists with some effort.
Cornered, the broodmother turns to fight!
Unknown command.
Aiming: Mindburst
Press: ? - help, Shift-Dir - straight line, f/p - broodmother
Aim: a broodmother (severely wounded, chance to affect: 50%)
The broodmother's mind is blasted!!
The redback bites you!
* * * LOW HITPOINT WARNING * * *
The jumping spider leaps!
You block the redback's attack.
The jumping spider leaps!
Aiming: Mindburst
Press: ? - help, Shift-Dir - straight line, f/p - broodmother
Aim: a broodmother (almost dead, chance to affect: 50%)
The broodmother resists with some effort.
The redback barely misses you.
Unknown command.
Aiming: Mindburst
Press: ? - help, Shift-Dir - straight line, f/p - broodmother
Aim: a broodmother (almost dead, chance to affect: 50%)
The broodmother's mind is blasted!!
The now-empty wand crumbles to dust.
The redback completely misses you.
You block the jumping spider's attack. x2
The broodmother bites you!!
You die...

###############.#........#..
######.##.##.............<.......
#...........†....................
##..........###..............<...
#.........##^^...###............
##.......#^^^^..###.............
#.......##^...#^^^.............
#......^.#.s.^s^s.........<....
##........^..^@s.....#.(.....##
###........#^s^...^.#.......#
##.#.....##^^^....#.......##
##...^..^##^#....#.......P#
##......^###.............#
#...^...###.^..#.......##
##.......#.....#.......#
##..#...#.P#.##....>.##
######.#....##.......#


You could see a broodmother, 3 jumping spiders and a redback (summoned).

Vanquished Creatures
  A dire elephant (D:15)
  8 vault guards
  5 boulder beetles
  9 hydras
  4 centaur warriors
  2 catoblepae
  The ghost of riojii the Marksspriggan, a journeyman SpHu of Hepliaklqana (Lair:2)
  4 two-headed ogres
  2 tengu warriors (D:15)
  Nergalle (Lair:1)
  A fire crab (Lair:4)
  3 orc knights
  A mana viper (D:12)
  A wizard (D:15)
  5 cyclopes
  An orc sorcerer (Orc:1)
  A wolf spider (D:15)
  2 oklob plants (Lair:6)
  7 ugly things
  2 manticores
  9 cane toads
  6 black mambas
  A torpor snail (Lair:6)
  4 elephants
  A black mamba (shapeshifter) (D:14)
  An unseen horror (D:12)
  7 komodo dragons
  A demonic crawler (Lair:3)
  4 kobold demonologists (D:9)
  An efreet (D:14)
  4 trolls
  2 rime drakes
  4 polar bears
  14 blink frogs
  11 dream sheep
  A hornet (D:14)
  14 slime creatures
  2 jumping spiders (Lair:3)
  2 vampires (D:12)
  A culicivora (shapeshifter) (D:8)
  3 wyverns
  82 yaks
  3 basilisks
  3 vampire mosquitoes (D:14)
  4 steam dragons
  3 redbacks (Lair:3)
  A warg (D:12)
  An acid dragon (D:13)
  17 water moccasins
  An ice beast (D:6)
  45 orc warriors
  2 black bears
  4 necrophages
  25 centaurs
  6 ogres
  2 phantoms
  A kobold brigand (D:9)
  10 bullfrogs
  4 scorpions
  8 wights (D:9)
  2 howler monkeys
  6 electric eels
  A centaur zombie (D:8)
  4 hounds
  11 orc priests
  3 jellies
  2 centaur skeletons (D:7)
  24 orc wizards
  3 iguanas (D:5)
  A hound skeleton (D:4)
  11 gnolls
  A howler monkey skeleton (D:6)
  6 adders
  9 river rats (D:5)
  A shadow imp (D:5)
  3 white imps
  An adder skeleton (D:4)
  3 worms
  4 dart slugs
  100 orcs
  A ball python (D:1)
  6 bats
  3 endoplasms (D:1)
  3 giant cockroaches
  3 goblins
  8 hobgoblins
  4 jackals (D:1)
  9 quokkas
  5 frilled lizards
  23 kobolds
  21 rats
658 creatures vanquished.

Vanquished Creatures (collateral kills)
  A redback (Lair:3)
1 creature vanquished.

Vanquished Creatures (others)
  A centaur (Orc:2)
  41 fungi
  97 plants
139 creatures vanquished.

Grand Total: 798 creatures vanquished

Notes
Turn   | Place    | Note
-------+----------+-------------------------------------------
     0 | D:1      | drugrobin the Demigod Fighter began the quest for the Orb.
     0 | D:1      | Reached XP level 1. HP: 18/18 MP: 3/3
   138 | D:1      | Reached skill level 2 in Long Blades
   258 | D:1      | Reached XP level 2. HP: 24/25 MP: 4/4
  1211 | D:2      | Reached XP level 3. HP: 31/31 MP: 5/5
  2336 | D:3      | Found a transporter.
  2708 | D:3      | Reached XP level 4. HP: 33/38 MP: 6/6
  2845 | D:3      | Found Vaix's Assorted Antiques.
  2850 | D:3      | Bought a scroll labelled BIMAFF OLAPN for 22 gold pieces
  2850 | D:3      | Bought a scroll labelled USUCU HEECIZ for 22 gold pieces
  2850 | D:3      | Bought a scroll labelled BIMAFF OLAPN for 22 gold pieces
  2966 | D:3      | Found a transporter.
  3007 | D:3      | Reached skill level 3 in Long Blades
  4570 | D:3      | Reached XP level 5. HP: 32/45 MP: 7/7
  5648 | D:5      | Entered Level 5 of the Dungeon
  5664 | D:5      | Reached skill level 4 in Long Blades
  5664 | D:5      | Reached XP level 6. HP: 48/52 MP: 8/8
  5691 | D:5      | Found a staircase to the Ecumenical Temple.
  6417 | D:5      | Reached XP level 7. HP: 52/59 MP: 9/9
  6710 | D:4      | Reached skill level 5 in Long Blades
  6710 | D:4      | Reached skill level 1 in Dodging
  8033 | D:6      | Reached skill level 6 in Long Blades
  8033 | D:6      | Reached XP level 8. HP: 65/67 MP: 10/10
  8288 | D:6      | Reached skill level 5 in Fighting
  8288 | D:6      | Reached skill level 5 in Armour
  9589 | D:7      | Reached skill level 7 in Long Blades
 10500 | D:8      | Reached XP level 9. HP: 37/75 MP: 11/11
 10582 | D:8      | Found a flagged portal.
 10615 | Bailey   | Entered a bailey
 11036 | Bailey   | Identified the +10 falchion of Xonkoah {drain, Fly rPois
                  | rN++}
 11196 | Bailey   | Reached skill level 8 in Long Blades
 11810 | D:8      | Noticed a cyclops
 11919 | D:8      | Killed a cyclops
 11920 | D:8      | Reached skill level 5 in Dodging
 12210 | D:8      | Noticed a seven-headed hydra
 12453 | D:8      | Noticed a black mamba
 12454 | D:8      | a black mamba changed into a shapeshifter
 12461 | D:8      | Reached skill level 9 in Long Blades
 12461 | D:8      | Reached XP level 10. HP: 70/84 MP: 13/13
 12548 | D:8      | Noticed a centaur warrior
 13411 | D:9      | Found a staircase to the Orcish Mines.
 13474 | D:9      | Noticed a two-headed ogre
 13500 | D:9      | Killed a two-headed ogre
 13932 | D:9      | Reached skill level 10 in Long Blades
 14435 | Orc:1    | Entered Level 1 of the Orcish Mines
 14494 | D:9      | Found a staircase to the Lair.
 14952 | D:10     | Entered Level 10 of the Dungeon
 15026 | D:10     | Reached skill level 1 in Stealth
 15031 | D:10     | Reached skill level 1 in Evocations
 15313 | D:10     | Noticed a two-headed ogre
 15322 | D:10     | Killed a two-headed ogre
 15323 | D:10     | Reached XP level 11. HP: 94/94 MP: 14/14
 15782 | D:11     | Noticed a two-headed ogre
 15796 | D:11     | Killed a two-headed ogre
 15887 | D:11     | Noticed a boulder beetle
 15978 | D:11     | Noticed a two-headed ogre
 16035 | D:11     | Killed a two-headed ogre
 16036 | D:11     | Reached skill level 11 in Long Blades
 16310 | D:11     | Killed a boulder beetle
 16797 | D:12     | Noticed an orc knight
 17846 | D:12     | Reached skill level 12 in Long Blades
 17865 | D:12     | an orc knight changed into a mana viper
 18007 | D:12     | Found Evajaiweil's Antique Armour Emporium.
 18228 | D:13     | Noticed a catoblepas
 18235 | D:13     | Noticed a vault guard
 18261 | D:12     | Killed a catoblepas
 18464 | Lair:1   | Entered Level 1 of the Lair of Beasts
 18618 | Lair:1   | Noticed Nergalle
 18629 | Lair:1   | Killed Nergalle
 18630 | Lair:1   | Reached XP level 12. HP: 60/104 MP: 15/15
 18634 | Lair:1   | Reached skill level 5 in Evocations
 18829 | Lair:1   | Noticed an eight-headed hydra
 19393 | Lair:2   | Noticed a seven-headed hydra
 20393 | Lair:2   | Found a staircase to the Shoals.
 20564 | Lair:3   | You are sucked into a shaft and drop 3 floors!
 20564 | Lair:6   | Entered Level 6 of the Lair of Beasts
 20793 | Lair:5   | Reached skill level 13 in Long Blades
 20884 | Lair:4   | Identified the -7 cloak "Navaune" {rElec rPois rF++ Slay-5}
 20974 | Lair:3   | Noticed a five-headed hydra
 21100 | Lair:4   | Reached skill level 10 in Fighting
 21229 | Lair:4   | Noticed a five-headed hydra
 21270 | Lair:4   | Killed a five-headed hydra
 21596 | Lair:4   | Noticed a four-headed hydra
 21639 | Lair:4   | Killed a four-headed hydra
 21640 | Lair:4   | Reached skill level 14 in Long Blades
 22135 | Lair:3   | Noticed a five-headed hydra
 22326 | Lair:3   | Killed a five-headed hydra
 22614 | Lair:3   | Killed a five-headed hydra
 22615 | Lair:3   | Reached XP level 13. HP: 54/116 MP: 16/16
 22741 | Lair:3   | Found a runed translucent door.
 22743 | Lair:3   | Noticed riojii's ghost (journeyman SpHu)
 22744 | Lair:3   | Found the +2 Maxwell's thermic engine {flame, freeze}
 22786 | Lair:2   | Killed riojii's ghost
 22876 | Lair:3   | Found a hole to the Spider Nest.
 23227 | Lair:3   | Learned a level 3 spell: Mephitic Cloud
 23677 | Lair:5   | Reached skill level 1 in Spellcasting
 24647 | Lair:6   | Found a staircase to the Slime Pits.
 24707 | Lair:6   | Reached skill level 15 in Long Blades
 24715 | Lair:6   | Reached skill level 5 in Spellcasting
 25782 | Orc:2    | Entered Level 2 of the Orcish Mines
 26137 | Orc:1    | HP: 4/116 [orc warrior/+2 halberd of flaming (17)]
 26259 | Orc:1    | Reached XP level 14. HP: 124/124 MP: 21/25
 26877 | Orc:2    | Found Boaddywn's Antique Armour Shoppe.
 26877 | Orc:2    | Found Xoulex's Antique Weapon Shop.
 26877 | Orc:2    | Found Laelaus's Assorted Antiques.
 26887 | Orc:2    | Found Doafrir's Book Emporium.
 26901 | Orc:2    | Bought a potion of curing for 63 gold pieces
 26901 | Orc:2    | Bought an iron wand for 84 gold pieces
 26901 | Orc:2    | Bought a glowing cloak for 157 gold pieces
 26915 | Orc:2    | Bought a pair of embroidered gloves for 187 gold pieces
 27003 | Orc:2    | Found a staircase to the Elven Halls.
 27563 | D:13     | Reached skill level 5 in Shields
 27713 | D:13     | Found a gate to the Vaults.
 28073 | D:13     | Found Yfose's Specialty Armours.
 28930 | D:15     | Entered Level 15 of the Dungeon
 29209 | D:15     | Reached skill level 16 in Long Blades
 29424 | D:15     | Found Rutaeczo's Book Boutique.
 29569 | D:15     | Found a staircase to the Depths.
 30075 | Spider:1 | Entered Level 1 of the Spider Nest
 30081 | Spider:1 | Noticed a broodmother
 30091 | Lair:3   | Reached skill level 10 in Armour
 30324 | Lair:3   | Slain by a broodmother

Illustrated notes

Levels and vault maps discovered:
D:1:      mrwooster_arrival_statue_2, layout_rooms, serial_curves,
          eino_curves_04, eino_curves_03, kennysheep_minor_cross,
          hangedman_glass_teeth, chequers_serial_rivers_small_3
D:2:      layout_loops_ring
D:3:      gammafunk_steamed_eel, layout_loops_corners, basic_ecumenical_altar,
          serial_shops, nicolae_shop_hallway_plus, chequers_avenue
D:4:      layout_loops_ring
D:5:      lemuel_ratsnest, layout_rooms, minmay_temple_entry_steel_oval
D:6:      layout_basic
D:7:      layout_layer_cave
D:8:      layout_cave_pods, enter_bailey_2, minmay_diamond_spiral
D:9:      layout_long_grid, nicolae_elyvilon_temple_path, dpeg_oklobed_lair,
          david_orc_2, special_room [special_room_orc],
          chequers_serial_rivers_micro_b
D:10:     layout_long_grid
D:11:     layout_rooms, grunt_qazlal_sundering
D:12:     layout_irregular_city, serial_shops, shop, minmay_diced_spiral
D:13:     layout_gridville, erik_vaults_2, nicolae_barding_shop
D:14:     layout_basic, hangedman_abyss_or_decor_lesser_grid,
          minmay_misc_feat_columns
D:15:     hangedman_depths_entry_try_elsewhere_first, layout_loops_ring,
          chequers_hall_statues_wall_a, serial_shops, shop, zin_statuary
Lair:1:   layout_big_grid, serial_forest, infiniplex_forest_diagonal,
          infiniplex_forest_clump_small, infiniplex_forest_lined_2,
          infiniplex_forest_diagonal, infiniplex_forest_diagonal,
          infiniplex_forest_clump_medium, uniq_nergalle
Lair:2:   layout_cave_pods, elwin_shoals_entry_rooms,
          nicolae_quartered_pool_medium
Lair:3:   layout_cave_shapes, spider_nest_entry_webs, ebering_ghost_inner_flame,
          serial_bayou_shore_a
Lair:4:   layout_regular_city
Lair:5:   layout_gridlike
Lair:6:   wormcave, layout_misc_corridors, minmay_slime_entry_oklob_open,
          minivault_23
Spider:1: layout_spider_delve
Orc:1:    layout_diamond_mine
Orc:2:    st_orc_rangers, layout_caves

Skill      XL: |  1  2  3  4  5  6  7  8  9 10 11 12 13 14 |
---------------+-------------------------------------------+-----
Long Blades    | 2 3 4 6 7 9 10 12 14 15 16 | 16.0
Fighting       | 3 4 5 6 7 9 11 | 11.5
Armour         | 3 4 5 6 7 8 10 | 10.0
Shields        | 3 4 6 |  6.7
Dodging        | 2 3 5 6 7 9 |  9.1
Stealth        | 1 2 |  2.0
Evocations     | 1 4 5 |  5.0
Spellcasting   | 5 |  5.0

Action                   |  1- 3 |  4- 6 |  7- 9 | 10-12 | 13-15 || total
-------------------------+-------+-------+-------+-------+-------++-------
Melee: Long sword        |   159 |   223 |   175 |       |       ||   557
       Whip              |       |    32 |    60 |       |       ||    92
       Dagger            |       |       |    16 |    99 |     4 ||   119
       Falchion          |       |       |    91 |   748 |    37 ||   876
       Double sword      |       |       |       |       |   710 ||   710
 Fire: Hand crossbow     |       |       |       |    19 |       ||    19
Throw: Boomerang         |       |     8 |    95 |    40 |    22 ||   165
       Dart              |       |     2 |     1 |    14 |       ||    17
       Throwing net      |       |       |     1 |       |       ||     1
 Cast: Mephitic Cloud    |       |       |       |       |    11 ||    11
Evoke: Wand              |       |     8 |    14 |    25 |    21 ||    68
       Phantom mirror    |       |       |     1 |     1 |     2 ||     4
  Use: Scroll            |       |     4 |     1 |    10 |     7 ||    22
       Potion            |       |     1 |       |       |     1 ||     2
 Stab: Sleeping          |       |       |     1 |     2 |     6 ||     9
       Held in net/web   |       |       |     1 |       |       ||     1
       Confused          |       |       |       |       |    12 ||    12
       Petrified         |       |       |       |       |     2 ||     2
       Distracted        |       |       |       |       |     1 ||     1
Armor: Scale mail        |    70 |    94 |    55 |       |       ||   219
       Leather armour    |       |       |    22 |       |       ||    22
       Ring mail         |       |       |    60 |    19 |       ||    79
       Steam dragon scal |       |       |       |    54 |       ||    54
       Troll leather arm |       |       |       |   116 |   182 ||   298
       Chain mail        |       |       |       |       |     6 ||     6
Dodge: Dodged            |    65 |    79 |   182 |   605 |   738 ||  1669
Block: Buckler           |    34 |    45 |    85 |   201 |   244 ||   609
       Kite shield       |       |       |       |       |   109 ||   109

Table legend: (Time is in decaauts)
 A = Elapsed time spent in this place.
 B = Non-inter-level travel time spent in this place.
 C = Inter-level travel time spent in this place.
 D = Time resting spent in this place.
 E = Time spent auto-exploring this place.
 F = Levels seen in this place.
 G = Mean time per level.
                   A        B        C        D        E       F      G
               +--------+--------+--------+--------+--------+-----+--------+
         Total |  30195 |  28129 |   2066 |   4707 |  14257 |  25 | 1207.8 |
       Dungeon |  20674 |  19399 |   1275 |   3528 |  10873 |  15 | 1378.3 |
          Lair |   6943 |   6234 |    709 |    700 |   2688 |   6 | 1157.2 |
   Spider Nest |     10 |     10 |      0 |      0 |      0 |   1 |   10.0 |
  Orcish Mines |   1862 |   1781 |     81 |    260 |    655 |   2 |  931.0 |
        Bailey |    705 |    705 |      0 |    219 |     40 |   1 |  705.0 |
               +--------+--------+--------+--------+--------+-----+--------+

Top non-repeatable levels by time:
     D:3: 2706 daAuts
     D:9: 2096 daAuts
     D:8: 1841 daAuts
    D:12: 1839 daAuts
     D:7: 1716 daAuts
     D:5: 1663 daAuts
  Lair:4: 1356 daAuts
  Lair:2: 1339 daAuts
     D:4: 1313 daAuts
     D:6: 1264 daAuts
  Lair:3: 1183 daAuts
     D:1: 1176 daAuts
  Lair:1: 1078 daAuts
     D:2: 1077 daAuts
   Orc:1: 1066 daAuts
